TOP OF THE 1ST |
Allentown Hillbillies batting - Pitching for Indiana Hounds : LHP Roberto Barrón
|
Pitching: LHP Roberto Barrón
|
|
Batting: LHB António Salazar
|
0-0: Called Strike 0-1: Ball 1-1: Ball 2-1: Ball 3-1: Bunt for hit - play at first, batter OUT! 1-3
|
Batting: RHB Millard Stark
|
0-0: Called Strike 0-1: Ball 1-1: Fly out, F6 (Popup, 6)
|
Batting: RHB Carl Brown
|
0-0: Ball 1-0: Ball 2-0: Foul Ball, location: 2F 2-1: Foul Ball, location: 2F 2-2: Strikes out swinging
|
Top of the 1st over - 0 run(s), 0 hit(s), 0 error(s), 0 left on base; Allentown 0 - Indiana 0 |
BOTTOM OF THE 1ST |
Indiana Hounds batting - Pitching for Allentown Hillbillies : LHP Holden Clark
|
Pitching: LHP Holden Clark
|
|
Batting: RHB Francisco Tañón
|
0-0: Ball 1-0: Foul Ball, location: 2F 1-1: Ground out 3-1 (Groundball, 34)
|
Batting: SHB Dave MacThomas
|
0-0: Called Strike 0-1: Ball 1-1: Ball 2-1: Fly out, F7 (Flyball, 78S)
|
Batting: LHB Jim Clemente
|
0-0: Foul Ball, location: 2F 0-1: Swinging Strike 0-2: Ball 1-2: Foul Ball, location: 2F 1-2: Fly out, F7 (Flyball, 7LSF)
|
Bottom of the 1st over - 0 run(s), 0 hit(s), 0 error(s), 0 left on base; Allentown 0 - Indiana 0 |
TOP OF THE 2ND |
Allentown Hillbillies batting - Pitching for Indiana Hounds : LHP Roberto Barrón
|
Batting: LHB Marcos Vargas
|
0-0: Ball 1-0: Swinging Strike 1-1: Ball 2-1: Ball 3-1: Foul Ball, location: 2F 3-2: Foul Ball, location: 2F 3-2: SINGLE (Line Drive, 9S)
|
Batting: RHB Dan Banks
|
0-0: Fly out, F8 (Flyball, 8RM)
|
Batting: LHB Rafael Flores
|
0-0: Called Strike 0-1: Foul Ball, location: 2F 0-2: Foul Ball, location: 2F 0-2: Hit by Pitch Marcos Vargas to second
|
Batting: RHB Marc Cox
|
0-0: Called Strike 0-1: Called Strike 0-2: Ball 1-2: Foul Ball, location: 2F 1-2: Foul Ball, location: 2F 1-2: Ball 2-2: Ball 3-2: Base on Balls Marcos Vargas to third Rafael Flores to second
|
Batting: LHB John Hudson
|
0-0: Ball 1-0: Swinging Strike 1-1: Foul Ball, location: 2F 1-2: Ball 2-2: Strikes out swinging
|
Batting: RHB Von Ford
|
0-0: Ball 1-0: Ball 2-0: Ball 3-0: Base on Balls Marcos Vargas scores Rafael Flores to third Marc Cox to second
|
Batting: LHB António Salazar
|
0-0: Ball 1-0: Called Strike 1-1: Ball 2-1: Called Strike 2-2: Foul Ball, location: 2F 2-2: Ball 3-2: Ground out 4-3 (Groundball, 34)
|
Top of the 2nd over - 1 run(s), 1 hit(s), 0 error(s), 3 left on base; Allentown 1 - Indiana 0 |
BOTTOM OF THE 2ND |
Indiana Hounds batting - Pitching for Allentown Hillbillies : LHP Holden Clark
|
Batting: LHB John Cotton
|
0-0: Ball 1-0: Called Strike 1-1: Foul Ball, location: 2F 1-2: Ball 2-2: Foul Ball, location: 2F 2-2: Ball 3-2: Strikes out swinging
|
Batting: RHB Danny Walker
|
0-0: Ball 1-0: Swinging Strike 1-1: Ball 2-1: Foul Ball, location: 2F 2-2: Ground out 4-3 (Groundball, 4)
|
Batting: LHB Manny Hernández
|
0-0: Ball 1-0: Called Strike 1-1: Ground out 4-3 (Groundball, 34)
|
Bottom of the 2nd over - 0 run(s), 0 hit(s), 0 error(s), 0 left on base; Allentown 1 - Indiana 0 |
TOP OF THE 3RD |
Allentown Hillbillies batting - Pitching for Indiana Hounds : LHP Roberto Barrón
|
Batting: RHB Millard Stark
|
0-0: Ball 1-0: Foul Ball, location: 2F 1-1: Ball 2-1: Ball 3-1: Called Strike 3-2: Ground out 6-3 (Groundball, 6)
|
Batting: RHB Carl Brown
|
0-0: Called Strike 0-1: Ball 1-1: Swinging Strike 1-2: Ball 2-2: DOUBLE (Groundball, 5L)
|
Batting: LHB Marcos Vargas
|
0-0: Ball 1-0: Swinging Strike 1-1: Ball 2-1: SINGLE (Groundball, 3D) Carl Brown to third
|
Batting: RHB Dan Banks
|
0-0: Called Strike 0-1: Ball 1-1: Ball 2-1: Ball 3-1: Base on Balls Marcos Vargas to second
|
Batting: LHB Rafael Flores
|
0-0: Fly out, F7 (Flyball, 7LM)
|
Batting: RHB Marc Cox
|
0-0: Ball 1-0: Ball 2-0: Called Strike 2-1: Called Strike 2-2: Strikes out swinging
|
Top of the 3rd over - 0 run(s), 2 hit(s), 0 error(s), 3 left on base; Allentown 1 - Indiana 0 |
BOTTOM OF THE 3RD |
Indiana Hounds batting - Pitching for Allentown Hillbillies : LHP Holden Clark
|
Batting: LHB Denny Poole
|
0-0: Ball 1-0: Called Strike 1-1: Foul Ball, location: 2F 1-2: Ball 2-2: Foul Ball, location: 2F 2-2: Ball 3-2: Fly out, F5 (Popup, 5L)
|
Batting: RHB Bob Lazzeri
|
0-0: Fly out, F5 (Line Drive, 5)
|
Batting: RHB Octávio Marín
|
0-0: Foul Ball, location: 2F 0-1: Ball 1-1: Ball 2-1: Ball 3-1: Fly out, F9 (Flyball, 9)
|
Bottom of the 3rd over - 0 run(s), 0 hit(s), 0 error(s), 0 left on base; Allentown 1 - Indiana 0 |
TOP OF THE 4TH |
Allentown Hillbillies batting - Pitching for Indiana Hounds : LHP Roberto Barrón
|
Batting: LHB John Hudson
|
0-0: Foul Ball, location: 2F 0-1: Foul Ball, location: 2F 0-2: Strikes out swinging
|
Batting: RHB Von Ford
|
0-0: Foul Ball, location: 2F 0-1: Ball 1-1: Ball 2-1: Ground out 6-3 (Groundball, 6)
|
Batting: LHB António Salazar
|
0-0: Ball 1-0: Ground out 4-3 (Groundball, 4)
|
Top of the 4th over - 0 run(s), 0 hit(s), 0 error(s), 0 left on base; Allentown 1 - Indiana 0 |
BOTTOM OF THE 4TH |
Indiana Hounds batting - Pitching for Allentown Hillbillies : LHP Holden Clark
|
Batting: RHB Francisco Tañón
|
0-0: Foul Ball, location: 2F 0-1: Swinging Strike 0-2: Ball 1-2: SINGLE (Groundball, 4MS) (infield hit)
|
Batting: SHB Dave MacThomas
|
0-0: Swinging Strike 0-1: Ball 1-1: Ball 2-1: Ball 3-1: Base on Balls Francisco Tañón to second
|
Batting: LHB Jim Clemente
|
0-0: Called Strike 0-1: Foul Ball, location: 2F 0-2: Ball 1-2: Ball 2-2: DOUBLE (Line Drive, 8LD) Francisco Tañón scores Dave MacThomas to third Runner from 3rd tries for Home, SAFE, throw made home
|
Batting: LHB John Cotton
|
0-0: Called Strike 0-1: Called Strike 0-2: Ball 1-2: Foul Ball, location: 2F 1-2: Foul Ball, location: 2F 1-2: Ball 2-2: Ground out 4-3 (Groundball, 4) Jim Clemente to third
|
Batting: RHB Danny Walker
|
0-0: Ball 1-0: Foul Ball, location: 2F 1-1: Ball 2-1: Ball 3-1: Base on Balls
|
Batting: LHB Manny Hernández
|
0-0: Called Strike 0-1: Ball 1-1: SINGLE (Groundball, P) (infield hit) Danny Walker to second
|
Batting: LHB Denny Poole
|
0-0: Ball 1-0: Called Strike 1-1: Called Strike 1-2: Foul Ball, location: 2F 1-2: Grounds into double play, 4-6-3 (Groundball, 4)
|
Bottom of the 4th over - 2 run(s), 3 hit(s), 0 error(s), 2 left on base; Allentown 1 - Indiana 2 |
TOP OF THE 5TH |
Allentown Hillbillies batting - Pitching for Indiana Hounds : LHP Roberto Barrón
|
Pitching: LHP Tatsui Tanaka
|
|
Batting: RHB Millard Stark
|
0-0: Called Strike 0-1: Ball 1-1: Foul Ball, location: 2F 1-2: Strikes out swinging
|
Batting: RHB Carl Brown
|
0-0: Called Strike 0-1: Foul Ball, location: 2F 0-2: Ball 1-2: Strikes out swinging
|
Batting: LHB Marcos Vargas
|
0-0: Ball 1-0: Called Strike 1-1: Foul Ball, location: 2F 1-2: Ball 2-2: Ball 3-2: Foul Ball, location: 2F 3-2: Fly out, F1 (Line Drive, 15)
|
Top of the 5th over - 0 run(s), 0 hit(s), 0 error(s), 0 left on base; Allentown 1 - Indiana 2 |
BOTTOM OF THE 5TH |
Indiana Hounds batting - Pitching for Allentown Hillbillies : LHP Holden Clark
|
Batting: RHB Bob Lazzeri
|
0-0: Ground out 6-3 (Groundball, 6)
|
Batting: RHB Octávio Marín
|
0-0: Ball 1-0: Called Strike 1-1: Ball 2-1: Fly out, F8 (Flyball, 8RM)
|
Batting: RHB Francisco Tañón
|
0-0: Fly out, F5 (Line Drive, 56)
|
Bottom of the 5th over - 0 run(s), 0 hit(s), 0 error(s), 0 left on base; Allentown 1 - Indiana 2 |
TOP OF THE 6TH |
Allentown Hillbillies batting - Pitching for Indiana Hounds : LHP Tatsui Tanaka
|
Batting: RHB Dan Banks
|
0-0: Swinging Strike 0-1: SINGLE (Flyball, 89S)
|
Batting: LHB Rafael Flores
|
0-0: Called Strike 0-1: Foul Ball, location: 2F 0-2: Ball 1-2: Strikes out swinging
|
Batting: RHB Marc Cox
|
0-0: Called Strike 0-1: Called Strike 0-2: Strikes out looking
|
Batting: LHB John Hudson
|
0-0: Called Strike 0-1: Ball 1-1: Ball 2-1: Swinging Strike 2-2: Strikes out swinging
|
Top of the 6th over - 0 run(s), 1 hit(s), 0 error(s), 1 left on base; Allentown 1 - Indiana 2 |
BOTTOM OF THE 6TH |
Indiana Hounds batting - Pitching for Allentown Hillbillies : LHP Holden Clark
|
Batting: SHB Dave MacThomas
|
0-0: Called Strike 0-1: Reached on error, E5 (Groundball, 56)
|
Pitching: LHP Nick Merrit
|
|
Batting: LHB Jim Clemente
|
0-0: Grounds into double play, U4-3 (Groundball, 6M)
|
Batting: LHB John Cotton
|
0-0: Called Strike 0-1: Fly out, F8 (Flyball, 8LM)
|
Bottom of the 6th over - 0 run(s), 0 hit(s), 1 error(s), 0 left on base; Allentown 1 - Indiana 2 |
TOP OF THE 7TH |
Allentown Hillbillies batting - Pitching for Indiana Hounds : LHP Tatsui Tanaka
|
Batting: RHB Von Ford
|
0-0: Ball 1-0: Called Strike 1-1: Ball 2-1: Called Strike 2-2: Strikes out looking
|
Batting: LHB António Salazar
|
0-0: Swinging Strike 0-1: Ball 1-1: Ball 2-1: Swinging Strike 2-2: Ground out 4-3 (Groundball, 4MS)
|
Batting: RHB Millard Stark
|
0-0: Called Strike 0-1: Called Strike 0-2: Foul Ball, location: 2F 0-2: Ball 1-2: Strikes out swinging
|
Top of the 7th over - 0 run(s), 0 hit(s), 0 error(s), 0 left on base; Allentown 1 - Indiana 2 |
BOTTOM OF THE 7TH |
Indiana Hounds batting - Pitching for Allentown Hillbillies : LHP Nick Merrit
|
Batting: RHB Danny Walker
|
0-0: Called Strike 0-1: SINGLE (Groundball, 34D)
|
Pinch Hitting: RHB Juan Jose Guevana
|
0-0: Ball 1-0: Ground out 5-3 (Groundball, 56S) Danny Walker to second
|
Batting: LHB Denny Poole
|
0-0: Called Strike 0-1: Ball 1-1: Foul Ball, location: 2F 1-2: Strikes out swinging
|
Batting: RHB Bob Lazzeri
|
0-0: Called Strike 0-1: Called Strike 0-2: Ball 1-2: Foul Ball, location: 2F 1-2: Ball 2-2: Ground out 5-3 (Groundball, 56S)
|
Bottom of the 7th over - 0 run(s), 1 hit(s), 0 error(s), 1 left on base; Allentown 1 - Indiana 2 |
TOP OF THE 8TH |
Allentown Hillbillies batting - Pitching for Indiana Hounds : LHP Tatsui Tanaka
|
Pitching: RHP Enrique Gómez
|
|
Now in LF: Juan Jose Guevana
|
|
Batting: RHB Carl Brown
|
0-0: Called Strike 0-1: Ball 1-1: TRIPLE (Line Drive, 89XD)
|
Pitching: RHP Ronald Moore
|
|
Batting: LHB Marcos Vargas
|
0-0: Ball 1-0: Foul Ball, location: 2F 1-1: Fly out, F8 (Line Drive, 8RM)
|
Batting: RHB Dan Banks
|
0-0: Ball 1-0: Called Strike 1-1: Ball 2-1: Foul Ball, location: 2F 2-2: Ball 3-2: Base on Balls
|
Pitching: LHP Guy Sewell
|
|
Pinch Hitting: RHB Diego Rivera
|
0-0: Ball 1-0: Called Strike 1-1: Foul Ball, location: 2F 1-2: Fly out, F9 (Flyball, 9S)
|
Batting: RHB Marc Cox
|
0-0: SINGLE (Groundball, 34D) Carl Brown scores Dan Banks to second Runner from 2nd tries for 3rd, SAFE, throw made to third
|
Pinch Hitting: RHB Justin Harris
|
0-0: Called Strike 0-1: Ball 1-1: Foul Ball, location: 2F 1-2: Strikes out looking
|
Top of the 8th over - 1 run(s), 2 hit(s), 0 error(s), 2 left on base; Allentown 2 - Indiana 2 |
BOTTOM OF THE 8TH |
Indiana Hounds batting - Pitching for Allentown Hillbillies : LHP Nick Merrit
|
Now at 3B: Justin Harris
|
|
Now in LF: Diego Rivera
|
|
Pinch Hitting: RHB Anthony Rucker
|
0-0: Called Strike 0-1: Ball 1-1: Foul Ball, location: 2F 1-2: Ball 2-2: Ball 3-2: Base on Balls
|
Batting: RHB Francisco Tañón
|
0-0: Ball 1-0: Fly out, F9 (Flyball, 9)
|
Batting: SHB Dave MacThomas
|
0-0: Swinging Strike 0-1: Ball 1-1: Foul Ball, location: 2F 1-2: Ball 2-2: SINGLE (Line Drive, 6) Anthony Rucker to second
|
Pinch Hitting: RHB Enrico Bonizo
|
0-0: Grounds into double play, 5-4-3 (Groundball, 5)
|
Bottom of the 8th over - 0 run(s), 1 hit(s), 0 error(s), 1 left on base; Allentown 2 - Indiana 2 |
TOP OF THE 9TH |
Allentown Hillbillies batting - Pitching for Indiana Hounds : LHP Guy Sewell
|
Now in LF: Anthony Rucker
|
|
Now in CF: Enrico Bonizo
|
|
Pinch Hitting: RHB Albert Lutz
|
0-0: Called Strike 0-1: SINGLE (Groundball, 56D)
|
Batting: LHB António Salazar
|
0-0: Bunted foul Pickoff Throw to First - Error! E1 Albert Lutz to second 0-1: Bunted foul 0-2: Foul Ball, location: 2F 0-2: Ball 1-2: Fly out, F7 (Flyball, 7D) Runner from 2nd tags up, SAFE at 3rd, no throw
|
Batting: RHB Millard Stark
|
0-0: Ball 1-0: Ball 2-0: Called Strike 2-1: SINGLE (Flyball, 4D) Albert Lutz scores
|
Batting: RHB Carl Brown
|
0-0: Ball 1-0: Ball 2-0: Ball 3-0: Called Strike 3-1: Swinging Strike 3-2: SINGLE (Line Drive, 4MD) Millard Stark to second Millard Stark to third
|
Pinch Hitting: RHB Donald Sanford
|
0-0: Swinging Strike 0-1: Called Strike 0-2: Foul Ball, location: 2F 0-2: Foul Ball, location: 2F 0-2: Ball 1-2: Fly out, F2 (Popup, 25)
|
Batting: RHB Dan Banks
|
0-0: Fielders Choice at 2nd, 4-6 (Groundball, 4)
|
Top of the 9th over - 1 run(s), 3 hit(s), 1 error(s), 1 left on base; Allentown 3 - Indiana 2 |
BOTTOM OF THE 9TH |
Indiana Hounds batting - Pitching for Allentown Hillbillies : LHP Nick Merrit
|
Pitching: RHP Dale Downs
|
|
Now at 2B: Donald Sanford
|
|
Now at SS: António Yánez
|
|
Pinch Hitting: LHB Junior Coates
|
0-0: Ball 1-0: Ball 2-0: Ball 3-0: Foul Ball, location: 2F 3-1: Swinging Strike 3-2: Foul Ball, location: 2F 3-2: Base on Balls
|
Batting: RHB Danny Walker
|
0-0: Ball 1-0: Foul Ball, location: 2F 1-1: Foul Ball, location: 2F 1-2: Ball 2-2: Foul Ball, location: 2F 2-2: Foul Ball, location: 2F 2-2: Ball 3-2: Foul Ball, location: 2F 3-2: Foul Ball, location: 2F 3-2: Foul Ball, location: 2F 3-2: Fly out, F9 (Flyball, 9S)
|
Batting: RHB Juan Jose Guevana
|
0-0: Swinging Strike 0-1: SINGLE (Groundball, 56D) Junior Coates to second
|
Batting: LHB Denny Poole
|
0-0: Called Strike 0-1: Swinging Strike 0-2: Strikes out looking
|
Pinch Hitting: LHB Pepe Vázquez
|
0-0: Called Strike 0-1: Ball 1-1: Ball 2-1: Called Strike 2-2: Fly out, F8 (Line Drive, 8LD)
|
Bottom of the 9th over - 0 run(s), 1 hit(s), 0 error(s), 2 left on base; Allentown 3 - Indiana 2 |
|